 Seeded DCSS version 0.31.0-12-g77e489cdc1 (webtiles) character file.

Game seed: 3 (custom seed)

11855 Kazon the Basher (level 11, 0/66 HPs)
             Began as a Gargoyle Fighter on Feb 7, 2024.
             Was a High Priest of Okawaru.
             Killed by divine providence
             ... invoked by an orc priest
              (10 damage)
             ... on level 1 of the Orcish Mines on Feb 13, 2024.
             The game lasted 00:42:39 (6830 turns).

Kazon the Basher (Gargoyle Fighter)                 Turns: 6830, Time: 00:42:39

Health: 0/66       AC: 20    Str: 22    XL:     11   Next: 84%
Magic:  14/15      EV: 14    Int:  9    God:    Okawaru [*****.]
Gold:   859        SH: 11    Dex: 11    Spells: 10/10 levels left

rFire   . . .        k - +7 sceptre of Torment {pain, torment}
rCold   + . .        c - +0 buckler
rNeg    + . .        M - +0 troll leather armour
rPois   ∞            B - +0 helmet
rElec   +            (no cloak)
rCorr   .            g - +1 pair of gloves
SInv    .            (no boots)
Will    .....        v - amulet of reflection
Stlth   ++++         C - +4 ring of protection
HPRegen 1.11/turn    O - ring of protection from cold
MPRegen 0.14/turn

%: reflection
@: heroic
A: sickness immunity, AC +8, negative energy resistance 1, electricity
resistance, torment resistance 1, petrification resistance
a: Renounce Religion, Heroism, Finesse, Duel


You were on level 1 of the Orcish Mines.
You worshipped Okawaru.
Okawaru was extremely pleased with you.
You visited 3 branches of the dungeon, and saw 14 of its levels.
You also visited: Sewer.

You collected 859 gold pieces.

Inventory:

Hand Weapons
 a - a +0 flail
 j - a +1 short sword of venom
 k - the +7 sceptre of Torment (weapon) {pain, torment}
   (You acquired it on level 2 of the Dungeon)
 q - the +4 mace "Wubaoh" {venom, rElec Str+2 Dex-3}
   (You found it on level 6 of the Dungeon)

   Str+2:     It affects your strength (+2).
   Dex-3:     It affects your dexterity (-3).
   rElec:     It insulates you from electricity.
Missiles
 i - 35 stones
 t - 3 poisoned darts (quivered)
 K - 6 boomerangs
 Q - 3 atropa-tipped darts
Armour
 c - a +0 buckler (worn)
 g - a +1 pair of gloves (worn)
 B - a +0 helmet (worn)
 M - a +0 troll leather armour (worn)
 N - +0 acid dragon scales
Jewellery
 v - an amulet of reflection (around neck)
 C - a +4 ring of protection (left hand)
 O - a ring of protection from cold (right hand)
 P - a ring of protection from cold
Talismans
 e - a beast talisman
Wands
 D - a wand of flame (42)
 L - a wand of polymorph (5)
Scrolls
 b - 2 scrolls of brand weapon {unknown}
 f - 4 scrolls of identify
 m - a scroll of noise {unknown}
 n - a scroll of silence
 o - 3 scrolls of blinking {unknown}
 s - 10 scrolls of teleportation
 w - 2 scrolls of fear {unknown}
 y - 2 scrolls of enchant armour
 F - a scroll of butterflies {unknown}
 G - a scroll of amnesia {unknown}
 H - a scroll of poison {unknown}
 I - a scroll of revelation {unknown}
 J - a scroll of torment {unknown}
Potions
 d - 4 potions of might
 h - 2 potions of magic
 l - 4 potions of enlightenment {unknown}
 p - 3 potions of mutation {unknown}
 r - a potion of cancellation
 u - 2 potions of curing
 x - 2 potions of lignification {unknown}
 z - 2 potions of haste {unknown}
 A - a potion of berserk rage {unknown}
 E - 3 potions of heal wounds


   Skills:
 + Level 6.6(11.6) Fighting
 + Level 9.8(14.8) Maces & Flails
 + Level 4.1(9.1) Throwing
 + Level 5.8(10.8) Armour
 + Level 2.6(7.6) Dodging
 + Level 5.1(10.1) Stealth
 + Level 6.0(11.0) Shields
 * Level 5.5 Necromancy
 * Level 5.8 Invocations
 * Level 5.1 Evocations
 + Level 3.3 Shapeshifting


You had 10 spell levels left.
You didn't know any spells.
Your spell library contained the following spells:

 Spells                   Type           Power      Damage    Failure   Level
 Fugue of the Fallen      Necr           9%         N/A       16%         3
 Magic Dart               Conj           0%         1d3       45%         1
 Blink                    Tloc           0%         N/A       61%         2
 Gell's Gravitas          Tloc           0%         N/A       83%         3
 Inner Flame              Hex/Fire       0%         N/A       83%         3
 Ozocubu's Armour         Ice            0%         N/A       83%         3
 Teleport Other           Tloc           0%         N/A       83%         3
 Flame Wave               Conj/Fire      0%         2d4       99%         4
 Manifold Assault         Tloc           0%         N/A       99%         4
 Sticky Flame             Fire/Alch      0%         2d4       99%         4
 Irradiate                Conj/Alch      0%         3d11      100%        5
 Dispersal                Tloc           0%         N/A       100%        6
 Ignition                 Fire           0%         3d3       100%        8
 Call Imp                 Summ           Unusable   N/A       N/A         2

Dungeon Overview and Level Annotations

Branches:
Dungeon (11/15)            Temple (1/1) D:6            Lair (0/5) D:11
    Orc (2/2) D:10            Elf (0/3) Orc:2         Sewer (visited)

Altars:
Ashenzari
Cheibriados
Dithmenos
Elyvilon
Fedhas
Gozag
Hepliaklqana
Kikubaaqudgha
Makhleb
Nemelex Xobeh
Okawaru
Qazlal
Ru
Sif Muna
Trog
Uskayaw
Vehumet
Wu Jian
Xom
Yredelemnul
Zin
The Shining One

Shops:
D:7 (

Annotations:
D:4 1 runed translucent door, Crazy Yiuf


Innate Abilities, Weirdness & Mutations

You are immune to sickness and miasma.
Your stone body is resilient. (AC +8)
You are immune to poison.
You resist negative energy. (rN+)
You are resistant to electric shocks. (rElec)
You are resistant to unholy torment.
You are immune to petrification.


Message History

You gain the combat prowess of a mighty hero.
Snorg barely misses you. You block Snorg's attack. Snorg completely misses you.
You block Snorg's attack. Snorg closely misses you. Snorg misses you.
You puncture Snorg!
Snorg is heavily wounded.
Snorg barely misses you. You block Snorg's attack. x2
You hit Snorg.
Snorg is heavily wounded.
You block Snorg's attack. Snorg claws you but does no damage. x2
You puncture Snorg!
Snorg writhes in agony.
Snorg is severely wounded.
Snorg bites you. You block Snorg's attack. Snorg barely misses you.
The ogre misses you. Snorg bites you but does no damage.
You block Snorg's attack. Snorg closely misses you.
You bludgeon Snorg!!
Snorg writhes in agony.
Snorg is almost dead.
You hear a shout! x2
An orc priest comes into view.
It is wielding a +1 vampiric short sword.
Snorg bites you!
* * * LOW HITPOINT WARNING * * *
You block Snorg's attack. Snorg barely misses you. You block the ogre's attack.
You puncture the ogre!
The ogre writhes in agony.
The ogre is heavily wounded.
Snorg bites you but does no damage. Snorg misses you. Snorg claws you.
* * * LOW HITPOINT WARNING * * *
The orc misses you.
Unknown command.
You bludgeon Snorg!!
You kill Snorg!
Okawaru is honoured by your kill. You block the ogre's attack.
You block the orc's attack.
Your base Shields skill increases to level 6!
You impale the orc!!
You kill the orc!
Okawaru accepts your kill.
You puncture the orc warrior!
The orc warrior writhes in agony.
The orc warrior is almost dead.
The orc priest invokes the aid of Beogh against you.
Beogh smites you!
You die...

.O..... .....oo
....... .......
.......
#######....o..
##.#.@#.....o..
#...)Oo.o..#..
##.#...........
##............$.
##......#.....(##
#..........#.###
##........$.##
##.>>..$#.##
#....#....##.#


You could see an orc warrior, an ogre and an orc priest.

Vanquished Creatures
  Snorg (Orc:1)
  2 two-headed ogres
  A deep elf pyromancer (D:9)
  An ugly thing (D:11)
  An orc sorcerer (Orc:2)
  A kobold blastminer (Orc:2)
  2 gargoyles
  A komodo dragon (D:11)
  An unseen horror (D:10)
  3 trolls
  Grinder (D:5)
  A hornet (D:10)
  Sigmund (D:3)
  A wyvern (D:8)
  A wraith (D:9)
  7 yaks (D:9)
  A water moccasin (D:9)
  Duvessa (D:5)
  An acid dragon (D:10)
  8 orc warriors
  Pargi (Sewer)
  A black bear (D:6)
  2 ogres
  3 centaurs
  2 ice beasts
  A phantom (D:6)
  2 brain worms (Sewer)
  2 kobold brigands
  A gnoll sergeant (D:5)
  3 bullfrogs
  2 scorpions
  7 wights (D:7)
  Dowan (D:5)
  9 killer bees
  3 electric eels (D:10)
  4 howler monkeys
  4 bombardier beetles
  A gnoll bouda (D:7)
  7 orc priests
  6 hounds
  A sleepcap (D:5)
  2 iguanas
  13 orc wizards
  9 gnolls
  11 adders
  A white imp (D:6)
  2 ufetubi (D:7)
  A dart slug (D:2)
  41 orcs
  6 ball pythons
  7 endoplasms
  A giant cockroach (D:2)
  3 goblins
  7 hobgoblins
  13 kobolds
  2 quokkas
  4 bats
  6 frilled lizards
  5 rats
234 creatures vanquished.

Notes
Turn   | Place    | Note
-------+----------+-------------------------------------------
     0 | D:1      | Kazon the Gargoyle Fighter began the quest for the Orb.
     0 | D:1      | Reached XP level 1. HP: 14/14 MP: 1/1
   179 | D:1      | Reached XP level 2. HP: 19/19 MP: 2/2
   626 | D:1      | Found a faded altar of an unknown god.
   772 | D:2      | Reached XP level 3. HP: 6/23 MP: 3/3
  1002 | D:2      | Identified a scroll of acquirement
  1002 | D:2      | Acquired the +7 sceptre of Torment {pain, torment}
  1002 | D:2      | Found the +7 sceptre of Torment {pain, torment}
  1447 | D:3      | Found a glowing drain.
  1460 | Sewer    | Entered a sewer
  1474 | Sewer    | Noticed a brain worm
  1481 | Sewer    | Killed a brain worm
  1482 | Sewer    | Reached skill level 1 in Throwing
  1482 | Sewer    | Reached skill level 1 in Stealth
  1482 | Sewer    | Reached XP level 4. HP: 19/28 MP: 2/4
  1482 | Sewer    | Reached XP level 5. HP: 22/32 MP: 2/5
  1536 | Sewer    | Noticed Pargi
  1545 | Sewer    | Killed Pargi
  1546 | Sewer    | Reached skill level 3 in Maces & Flails
  1546 | Sewer    | Reached skill level 1 in Necromancy
  1546 | Sewer    | Reached skill level 1 in Shapeshifting
  1546 | Sewer    | Reached XP level 6. HP: 31/37 MP: 6/6
  1547 | Sewer    | Reached skill level 1 in Dodging
  1610 | D:3      | HP: 1/38 [burnt (6)]
  1721 | D:3      | Noticed Sigmund
  1733 | D:3      | Killed Sigmund
  1734 | D:3      | Reached XP level 7. HP: 35/42 MP: 7/7
  2014 | D:4      | Reached skill level 4 in Maces & Flails
  2042 | D:4      | Found a sparkling altar of Nemelex Xobeh.
  2361 | D:4      | Found a runed translucent door.
  2362 | D:4      | Noticed Crazy Yiuf
  2461 | D:5      | Entered Level 5 of the Dungeon
  2605 | D:5      | Reached XP level 8. HP: 47/48 MP: 8/8
  2727 | D:5      | Reached skill level 5 in Maces & Flails
  3092 | D:5      | Noticed Grinder
  3095 | D:5      | Paralysed by Grinder for 4 turns
  3108 | D:5      | Killed Grinder
  3180 | D:5      | Noticed Duvessa
  3180 | D:5      | Noticed Dowan
  3185 | D:5      | Killed Duvessa
  3187 | D:5      | Killed Dowan
  3188 | D:5      | Reached skill level 6 in Maces & Flails
  3241 | D:6      | Identified the +4 mace "Wubaoh" {venom, rElec Str+2 Dex-3}
  3243 | D:6      | Upgraded the game from 0.31.0-11-ge490571c62 to
                  | 0.31.0-12-g77e489cdc1
  3284 | D:6      | Noticed a gargoyle
  3288 | D:6      | Killed a gargoyle
  3289 | D:6      | Reached skill level 5 in Armour
  3289 | D:6      | Reached XP level 9. HP: 31/52 MP: 9/9
  3297 | D:6      | Found a staircase to the Ecumenical Temple.
  3305 | Temple   | Entered the Ecumenical Temple
  3319 | Temple   | Became a worshipper of Warmaster Okawaru
  3340 | D:6      | Reached skill level 5 in Fighting
  3522 | D:6      | Noticed a +0 spear
  3523 | D:6      | Noticed a +0 spear
  3524 | D:6      | Noticed a +0 falchion
  3524 | D:6      | Noticed a +0 short sword
  3524 | D:6      | Noticed a +0 short sword
  3524 | D:6      | Noticed a +0 falchion
  3525 | D:6      | Noticed a +0 dagger
  3525 | D:6      | Noticed a +0 dagger
  3532 | D:6      | Found a hide-covered altar of Uskayaw.
  3791 | D:7      | Reached skill level 1 in Evocations
  3797 | D:7      | Found Leuhu's Antique Weapon Boutique.
  3848 | D:7      | Reached * piety under Okawaru
  3951 | D:7      | Reached skill level 1 in Invocations
  4101 | D:7      | Reached skill level 7 in Maces & Flails
  4129 | D:7      | Reached XP level 10. HP: 42/59 MP: 11/11
  4146 | D:7      | Found a stormy altar of Qazlal.
  4355 | D:8      | Reached skill level 5 in Shields
  4558 | D:8      | Found a shadowy altar of Dithmenos.
  4612 | D:8      | Reached ** piety under Okawaru
  4862 | D:9      | Noticed a two-headed ogre
  4872 | D:9      | Killed a two-headed ogre
  4972 | D:9      | Found a basalt altar of Yredelemnul.
  4981 | D:9      | Found a shimmering altar of Xom.
  5057 | D:9      | Reached *** piety under Okawaru
  5169 | D:9      | Reached skill level 8 in Maces & Flails
  5220 | D:9      | Found an opulent altar of Gozag.
  5282 | D:9      | Reached **** piety under Okawaru
  5470 | D:9      | Noticed a deep elf pyromancer
  5479 | D:9      | Killed a deep elf pyromancer
  5480 | D:9      | Reached XP level 11. HP: 64/64 MP: 14/14
  5526 | D:10     | Entered Level 10 of the Dungeon
  5544 | D:10     | Found a staircase to the Orcish Mines.
  5554 | D:10     | Reached skill level 5 in Stealth
  5839 | D:10     | Reached skill level 5 in Necromancy
  5842 | D:10     | Reached ***** piety under Okawaru
  5852 | D:10     | Reached skill level 9 in Maces & Flails
  6239 | D:11     | Reached skill level 5 in Invocations
  6245 | D:11     | Found an ornate altar of the Wu Jian Council.
  6245 | D:11     | Noticed a white ugly thing
  6254 | D:11     | Killed a white ugly thing
  6295 | D:11     | Found a staircase to the Lair.
  6341 | Orc:1    | Entered Level 1 of the Orcish Mines
  6500 | Orc:1    | Received a gift from Okawaru
  6617 | Orc:2    | Entered Level 2 of the Orcish Mines
  6673 | Orc:2    | Noticed an orc sorcerer
  6679 | Orc:2    | Paralysed by an orc sorcerer for 4 turns
  6683 | Orc:2    | Killed an orc sorcerer
  6701 | Orc:2    | Found a staircase to the Elven Halls.
  6702 | Orc:2    | Noticed a two-headed ogre
  6711 | Orc:2    | Killed a two-headed ogre
  6723 | Orc:2    | Reached skill level 5 in Evocations
  6811 | Orc:1    | Noticed Snorg
  6820 | Orc:1    | HP: 2/66 [Snorg (9)]
  6828 | Orc:1    | Killed Snorg
  6830 | Orc:1    | Killed from afar by an orc priest

Illustrated notes

Levels and vault maps discovered:
D:1:      psy_arrival_terrarium, layout_loops_corners,
          shapermc_ecumenical_altar_notcrosses, dreamdust_mushroom_princess
D:2:      layout_rooms, grunt_ministairs_3, kennysheep_cross_bottleneck,
          minmay_pentomino_x2
D:3:      layout_basic, portal_sewer_entry_d, uniq_sigmund
D:4:      layout_cave_pools, mainiacjoe_overflow_boulevard,
          uniq_crazy_yiuf_cottage
D:5:      layout_loops_ring, serial_library_hellmonk_junction, uniq_grinder,
          uniq_duvessa
D:6:      layout_cave_pools, nicolae_uskayaw_en_pointe,
          minmay_temple_entry_junction
D:7:      layout_cave_pools, nicolae_qazlal_general_emergency, serial_shops,
          nicolae_shop_pleasant_corner_grove
D:8:      layout_basic, nicolae_overflow_crystal_walls
D:9:      layout_irregular_city, nicolae_gozag_seed_capital,
          mainiacjoe_overflow_swirl, grunt_ministairs_7
D:10:     layout_basic, david_orc_2
D:11:     wad_woods_structure_01, layout_irregular_city, lair_entry_dummy,
          minmay_st_funbox, nicolae_wu_jian_glorious_leap
Temple:   hellmonk_temple_two_chambers
Orc:1:    layout_caves, uniq_jorgrun, uniq_snorg
Orc:2:    st_orc_elflike, layout_diamond_mine, serial_shops,
          nicolae_shop_gibbet_a_chance, blackcustard_mines_bat_river,
          uniq_donald

Skill      XL: |  1  2  3  4  5  6  7  8  9 10 11 |
---------------+----------------------------------+-----
Throwing       | 1 2 3 4 |  4.1
Stealth        | 1 2 3 4 5 |  5.1
Maces & Flails | 3 4 6 7 8 9 |  9.8
Armour         | 4 5 |  5.8
Necromancy     | 1 2 3 4 5 |  5.5
Shapeshifting  | 1 2 3 |  3.3
Dodging        | 1 2 |  2.6
Fighting       | 4 5 6 |  6.6
Shields        | 4 5 6 |  6.0
Evocations     | 2 4 5 |  5.1
Invocations    | 1 4 5 |  5.8

Action                     |  1- 3 |  4- 6 |  7- 9 | 10-12 || total
---------------------------+-------+-------+-------+-------++-------
  Melee: Flail             |    78 |       |       |       ||    78
         Eveningstar       |    16 |    30 |   237 |   238 ||   521
  Throw: Stone             |     1 |    10 |    26 |    10 ||    47
         Dart              |       |       |    26 |    29 ||    55
 Invoke: Heroism           |       |       |     1 |     1 ||     2
  Evoke: Wand              |       |       |     4 |     3 ||     7
    Use: Scroll            |     4 |       |     1 |     4 ||     9
         Potion            |       |     1 |     1 |     1 ||     3
 Armour: Scale mail        |    64 |    21 |   140 |    71 ||   296
         Troll leather arm |       |       |       |    99 ||    99
  Dodge: Dodged            |    34 |    12 |    98 |   110 ||   254
  Block: Buckler           |    18 |     8 |   127 |   136 ||   289
         Reflection        |       |       |     2 |     8 ||    10
   Form: Beast             |       |       |     1 |       ||     1
                           |       |       |       |     1 ||     1
